 Dungeon Crawl Stone Soup version 0.23-a0-703-gdf2d5e0 (webtiles) character file.

697 zishaf the Firebug (level 7, -3/36 HPs)
             Began as a Deep Elf Fire Elementalist on Jan 13, 2019.
             Slain by an ogre
             ... wielding a +0 giant club
              (28 damage)
             ... on level 5 of the Dungeon.
             The game lasted 00:11:58 (5063 turns).

zishaf the Firebug (Deep Elf Fire Elementalist)     Turns: 5063, Time: 00:11:59

Health: -3/36      AC:  2    Str:  6    XL:     7   Next: 38%
Magic:  13/16      EV: 14    Int: 21    God:
Gold:   305        SH:  0    Dex: 15    Spells: 7/16 levels left

rFire    . . .     SeeInvis .   a - +0 hunting sling
rCold    . . .     Gourm    .   (no shield)
rNeg     . . .     Faith    .   l - +0 robe
rPois    .         Spirit   .   (no helmet)
rElec    .         Reflect  .   (no cloak)
rCorr    .         Harm     .   (no gloves)
MR       +....                  (no boots)
Stlth    ++........             (no amulet)
HPRegen  0.12/turn              f - ring of protection from magic
MPRegen  0.15/turn              (no ring)

@: no status effects
A: no striking features
a: no special abilities


You were on level 5 of the Dungeon.
You were not hungry.

You visited 2 branches of the dungeon, and saw 6 of its levels.
You also visited: Sewer.

You collected 305 gold pieces.

Inventory:

Hand Weapons
 a - a +0 hunting sling (weapon)
 b - a +0 blowgun
 w - a +0 dagger of venom
Missiles
 e - 130 stones (quivered)
 q - 5 poisoned needles
 r - 32 sling bullets
Armour
 l - a +0 robe (worn)
 u - a +3 leather armour
 v - the +0 ring mail of Reason {rC++ Slay+3}
   (You found it on level 4 of the Dungeon)

   It affects your accuracy and damage with ranged weapons and melee attacks
   (+3).
   It greatly protects you from cold.
Jewellery
 f - a ring of protection from magic (left hand)
Wands
 m - a wand of digging (5)
Scrolls
 h - a scroll of random uselessness {unknown}
 j - a scroll of immolation {unknown}
 n - 2 scrolls of fear
 o - a scroll of blinking
 t - a scroll of identify
 x - a scroll of enchant armour {unknown}
 y - a scroll of amnesia {unknown}
Potions
 d - 4 potions of curing
 g - a potion of might {unknown}
 i - a potion of heal wounds {unknown}
 k - 3 potions of magic {unknown}
 p - a potion of haste {unknown}
 s - a potion of berserk rage
Comestibles
 c - 6 rations


   Skills:
 + Level 0.0 Armour
 + Level 4.4 Dodging
 - Level 3.0 Stealth
 - Level 5.1 Spellcasting
 * Level 5.0 Conjurations
 * Level 6.1 Fire Magic


You had 7 spell levels left.
You knew the following spells:

 Your Spells              Type           Power        Failure   Level  Hunger
a - Flame Tongue          Conj/Fire      ####.        1%          1    None
c - Conjure Flame         Conj/Fire      ####....     3%          3    ##.....
z - Fireball              Conj/Fire      ####......   30%         5    #####..

Your spell library contained the following spells:

 Spells                   Type           Power        Failure   Level  Hunger
 Throw Flame              Conj/Fire      ####..       1%          2    None
 Inner Flame              Hex/Fire       ###.....     9%          3    ##.....
 Sticky Flame             Conj/Fire      ####....     11%         4    ####...


Dungeon Overview and Level Annotations

Branches:
Dungeon (5/15)             Temple (1/1) D:4

Altars:
Ashenzari
Cheibriados
Dithmenos
Elyvilon
Hepliaklqana
Kikubaaqudgha
Makhleb
Nemelex Xobeh
Okawaru
Ru
Trog
Uskayaw
Xom
Yredelemnul
Zin
The Shining One
Beogh

Annotations:
D:3 3 runed doors, ArcanElement's ghost, amateur DEWz


Message History

Aim: an ogre, wielding a +0 giant club The flame tongue misses the ogre.
The ogre barely misses you.
Casting: Flame Tongue (safe; 1% risk of failure)
Confirm with . or Enter, or press ? or * to list all spells.
Aiming: Flame Tongue (safe; 1% risk of failure)
Press: ? - help, Shift-Dir - straight line, f/p - ogre
Aim: an ogre, wielding a +0 giant club The flame tongue hits the ogre.
The ogre is moderately wounded.
The ogre hits you with a +0 giant club!
Casting: Flame Tongue (safe; 1% risk of failure)
Confirm with . or Enter, or press ? or * to list all spells.
Aiming: Flame Tongue (safe; 1% risk of failure)
Press: ? - help, Shift-Dir - straight line, f/p - ogre
Aim: an ogre, wielding a +0 giant club (moderately wounded)
The flame tongue hits the ogre.
The ogre is almost dead.
The ogre hits you with a +0 giant club!!
Ouch! That really hurt!
You die...

#####
.#########.....
...............
#......(.....#.
#..@./.....
#...O......#
#.........#+
..........##
##.......### ##
#......... #.
#.......... ..
#........... ..
#.


You could see an ogre.

Vanquished Creatures
  An ogre (D:4)
  4 big kobolds (Sewer)
  2 howler monkeys (D:4)
  An orc wizard (D:4)
  3 worker ants (D:4)
  5 adders
  2 river rats (Sewer)
  2 oozes
  2 worms
  3 leopard geckos (D:3)
  8 orcs
  4 giant cockroaches
  3 hobgoblins
  14 kobolds
  A quokka (D:4)
  3 ball pythons
  10 bats
  2 frilled lizards
  7 goblins
  6 rats
83 creatures vanquished.

Notes
Turn   | Place    | Note
-------+----------+-------------------------------------------
     0 | D:1      | zishaf the Deep Elf Fire Elementalist began the quest for
                  | the Orb.
     0 | D:1      | Reached XP level 1. HP: 10/10 MP: 6/6
   348 | D:1      | Reached XP level 2. HP: 15/15 MP: 5/8
   638 | D:2      | Found a glowing golden altar of the Shining One.
   639 | D:2      | Found a white marble altar of Elyvilon.
   640 | D:2      | Found a glowing silver altar of Zin.
  1039 | D:3      | Reached XP level 3. HP: 5/19 MP: 5/9
  1202 | D:3      | Found a faded altar of an unknown god.
  1245 | D:3      | Reached skill level 4 in Fire Magic
  1276 | D:3      | Found a glowing drain.
  1298 | D:3      | Learned a level 3 spell: Conjure Flame
  1299 | Sewer    | Entered a sewer
  1436 | Sewer    | Reached XP level 4. HP: 24/24 MP: 8/11
  1470 | Sewer    | Noticed a big kobold
  1470 | Sewer    | Noticed a big kobold
  1477 | Sewer    | Killed a big kobold
  1477 | Sewer    | Reached XP level 5. HP: 26/28 MP: 7/12
  1654 | Sewer    | Reached skill level 5 in Fire Magic
  1654 | Sewer    | Reached XP level 6. HP: 3/32 MP: 8/14
  2488 | D:3      | Found a sacrificial altar of Ru.
  3059 | D:3      | Found a runed gate.
  3066 | D:3      | Identified the +2 mace "Dafelaf" {drain, rElec rC- Int+4
                  | Stlth+}
  3069 | D:3      | Found a runed gate.
  3069 | D:3      | Noticed ArcanElement's ghost (amateur DEWz)
  3070 | D:3      | Found a runed gate.
  3115 | D:3      | Found a bloodstained altar of Trog.
  3249 | D:3      | Found a roughly hewn altar of Beogh.
  3274 | D:3      | Learned a level 5 spell: Fireball
  3748 | D:4      | Reached XP level 7. HP: 36/36 MP: 11/16
  3781 | D:4      | Got a brightly glowing ring mail
  3817 | D:4      | Reached skill level 5 in Spellcasting
  3894 | D:4      | Found a hazy altar of Hepliaklqana.
  3907 | D:4      | Reached skill level 6 in Fire Magic
  4044 | D:4      | Found a staircase to the Ecumenical Temple.
  4049 | Temple   | Entered the Ecumenical Temple
  4361 | D:4      | Reached skill level 5 in Conjurations
  4542 | D:4      | Identified the cursed +0 ring mail of Reason {rC++ Slay+3}
                  | (You found it on level 4 of the Dungeon)
  4559 | D:5      | Entered Level 5 of the Dungeon
  5063 | D:5      | Slain by an ogre

Vault maps used:
D:1:      dpeg_arrival_arbitrary_b
D:2:      good_gods_temple_1
D:3:      lightli_temple_of_fire, lemuel_crystal_altar, first_ration,
          chequers_ecumenical_altar_simple_redux, portal_sewer_entry_f,
          biasface_ghost_orc_armoury, minivault_23, lightli_corner_chamber
D:4:      lemuel_doored_altar, temple_doors_e
D:5:      serial_rivers, chequers_serial_rivers_marsh,
          chequers_serial_rivers_micro_b, chequers_serial_rivers_micro_c,
          chequers_serial_rivers_room_b, chequers_serial_rivers_room_b,
          tso_metal_star
Temple:   jpeg_temple_alley_garden
Sewer:    sewer_co_15_rooms

Skill      XL: |  1  2  3  4  5  6  7 |
---------------+----------------------+-----
Conjurations   | 2 3 4 5 |  5.0
Fire Magic     | 4 5 6 |  6.1
Stealth        | 3 |  3.0
Dodging        | 3 4 |  4.4
Spellcasting   | 4 5 |  5.1

Action                   |  1- 3 |  4- 6 |  7- 9 || total
-------------------------+-------+-------+-------++-------
 Fire: Hunting sling     |    16 |    36 |    90 ||   142
       Blowgun           |       |    16 |       ||    16
 Cast: Flame Tongue      |    57 |    61 |    30 ||   148
       Conjure Flame     |       |       |     2 ||     2
Evoke: Wand              |       |     1 |       ||     1
  Use: Potion            |     2 |     1 |       ||     3
       Scroll            |       |     5 |     2 ||     7
  Eat: Chunk             |     1 |     4 |     3 ||     8
       Ration            |       |     1 |     1 ||     2
Armor: Robe              |     3 |     1 |     5 ||     9
Dodge: Dodged            |    18 |    50 |    43 ||   111

Table legend:
 A = Non-vault XP
 B = Vault XP
 C = Vault XP percentage of total XP
 D = Non-vault monster count
 E = Vault monster count
 F = Vault count percentage of total count
                 A         B        C        D         E       F
            +---------+---------+-------+---------+---------+-------
      Total |     514 |     483 |  48.4 |      57 |      26 |  31.3
            +---------+---------+-------+---------+---------+-------
        D:1 |      15 |       0 |   0.0 |      10 |       0 |   0.0
        D:2 |      21 |       0 |   0.0 |      12 |       0 |   0.0
        D:3 |      66 |      29 |  30.5 |      22 |       8 |  26.7
        D:4 |     405 |       0 |   0.0 |      12 |       0 |   0.0
        D:5 |       7 |       0 |   0.0 |       1 |       0 |   0.0
      Sewer |       0 |     454 | 100.0 |       0 |      18 | 100.0
            +---------+---------+-------+---------+---------+-------
